AoeStats
← Wolfaroth

Black Forest

505515747Analyzed
2v2 RM · 23d ago on Sep 9, 2026· 168m 25s· 4 players
Game mode
Random Map
Map size
Medium (4 player)
Population
200
Speed
Normal
Resources
Standard
Victory
Conquest
Starting age
Dark Age
Ending age
Imperial Age
RankedLock teamsTeams togetherTeam positionsShared explorationLock speedFull tech treeHidden civsTurbo modeCheats
Victory
Defeat
🇬🇷 Mongols · Greece
752
+15
🇬🇷 Spanish · Greece
747
+15
🇦🇷 Turks · Argentina
817
-18
🇦🇷 Franks · Argentina
647
-12
Khabib
0:32 Loom
13:15 Feudal Age
13:42 Double-Bit Axe
17:41 Wheelbarrow
18:29 Horse Collar
19:09 Gold Mining
19:10 Stone Mining
24:31 Castle Age
22:53 Fletching
23:03 Padded Archer Armor
25:26 Heavy Plow
26:49 Hand Cart
26:43 Caravan
27:46 Bow Saw
28:15 Gold Shaft Mining
29:34 Town Watch
29:47 Bodkin Arrow
30:07 Leather Archer Armor
34:10 Imperial Age
35:42 Bracer
36:12 Ring Archer Armor
36:48 Two-Man Saw
38:09 Husbandry
38:19 Bloodlines
42:37 Ballistics
42:13 Murder Holes
42:31 Forging
42:26 Scale Barding Armor
41:59 Elite Janissary
42:40 Artillery
43:02 Conscription
43:15 Town Patrol
45:45 Cavalier
48:28 Treadmill Crane
48:58 Fortified Wall
48:59 Masonry
49:27 Iron Casting
49:12 Chain Barding Armor
51:44 Hoardings
62:26 Heavy Camel Rider
70:14 Blast Furnace
69:49 Plate Barding Armor
GZicchi
1:08 Loom
15:20 Feudal Age
16:40 Wheelbarrow
15:55 Double-Bit Axe
26:40 Castle Age
25:22 Stone Mining
25:25 Gold Mining
27:33 Bow Saw
28:57 Hand Cart
30:31 Caravan
33:52 Scale Barding Armor
33:48 Scale Mail Armor
33:59 Forging
33:40 Fletching
33:50 Padded Archer Armor
38:45 Imperial Age
38:20 Chain Barding Armor
38:16 Chain Mail Armor
38:37 Iron Casting
37:58 Bodkin Arrow
38:19 Leather Archer Armor
38:34 #83
41:13 Chemistry
40:24 Fortified Wall
40:37 Ballistics
41:59 Plate Barding Armor
41:43 Masonry
42:03 Conscription
43:40 Husbandry
43:01 Cavalier
43:04 Light Cavalry
44:13 Chivalry
43:35 Elite Throwing Axeman
45:33 Plate Mail Armor
46:04 Blast Furnace
45:28 Town Watch
47:03 Architecture
46:13 Paladin
49:31 Town Patrol
50:33 Arson
50:50 Squires
50:11 Pikeman
50:39 Gambesons
50:15 Man-at-Arms
53:42 Halberdier
103:02 Long Swordsman
112:54 Elite Skirmisher
peritrikala
0:32 Loom
15:58 Feudal Age
20:26 Horse Collar
21:25 Wheelbarrow
23:06 Castle Age
22:17 Double-Bit Axe
22:33 Gold Mining
23:20 Stone Mining
24:22 Fletching
24:32 Padded Archer Armor
24:33 Scale Mail Armor
26:14 Bow Saw
29:44 Heavy Plow
30:51 Ballistics
32:03 Hand Cart
39:11 Imperial Age
36:33 Town Watch
36:51 Husbandry
37:01 Bloodlines
36:47 Bodkin Arrow
36:53 Scale Mail Armor
37:09 Leather Archer Armor
37:05 Forging
37:00 Scale Barding Armor
37:21 Fortified Wall
37:06 Murder Holes
37:22 Masonry
38:32 Chain Mail Armor
38:46 Caravan
38:49 Herbal Medicine
39:20 Elite Mangudai
40:21 Conscription
40:05 Nomads
40:41 Hoardings
41:15 Gold Shaft Mining
41:16 Stone Shaft Mining
41:39 Town Patrol
43:46 Chain Barding Armor
43:51 Siege Engineers
44:19 Bracer
45:01 Iron Casting
48:42 Drill
47:49 Onager
48:16 Heavy Camel Rider
48:22 Elite Steppe Lancer
48:23 Light Cavalry
48:33 Capped Ram
50:16 Blast Furnace
49:47 Plate Mail Armor
50:04 Siege Onager
51:51 Siege Ram
54:04 Chemistry
57:50 Hussar
57:50 Cavalier
60:44 Heavy Scorpion
96:22 Coinage
99:15 Banking
Wolfaroth
0:31 Loom
14:14 Feudal Age
19:37 Castle Age
18:05 Double-Bit Axe
18:03 Horse Collar
20:30 Bow Saw
21:58 Heavy Plow
33:26 Imperial Age
31:33 Wheelbarrow
31:59 Town Watch
32:42 Inquisition
32:39 Fletching
32:49 Padded Archer Armor
33:05 Fortified Wall
34:06 Bodkin Arrow
34:26 Leather Archer Armor
34:45 Ballistics
35:48 Chemistry
37:11 Ring Archer Armor
36:41 Bracer
36:52 Forging
36:43 Scale Mail Armor
36:48 Scale Barding Armor
37:56 Hand Cart
38:43 Supremacy
38:45 Conscription
38:52 Scale Barding Armor
38:54 Husbandry
39:23 Elite Skirmisher
40:22 Chain Mail Armor
40:43 Iron Casting
42:02 Elite Conquistador
43:52 Chain Barding Armor
43:48 Murder Holes
45:56 Two-Man Saw
46:37 Plate Barding Armor
46:33 Plate Mail Armor
46:23 Bloodlines
46:46 Light Cavalry
46:47 Cavalier
49:19 Paladin
49:21 Hussar
50:38 Caravan
51:10 Coinage
50:50 Guilds
52:10 Gold Mining
52:11 Stone Mining
53:57 Blast Furnace
52:52 Guard Tower
54:05 Squires
53:26 Pikeman
53:51 Gambesons
53:27 Man-at-Arms
54:38 Halberdier
54:39 Long Swordsman
62:30 Two-Handed Swordsman
64:26 Keep
64:23 Bombard Tower
85:08 Herbal Medicine
152:16 Hoardings
153:10 Masonry
Connection lost

Rejoining the realm…

Still unreachable

The connection could not be restored.

Session expired

The server has moved on; the page needs a fresh start.